AoeStats
← PUNISHER

Arena

510535248Analyzed
1v1 RM · 19h ago on Oct 1, 2026· 22m 30s· 2 players
Game mode
Random Map
Map size
Tiny (2 player)
Population
200
Speed
Normal
Resources
Standard
Victory
Conquest
Starting age
Dark Age
Ending age
Imperial Age
RankedLock teamsTeams togetherTeam positionsShared explorationLock speedFull tech treeHidden civsTurbo modeCheats
Victory
Defeat
🇹🇷 Spanish · Türkiye
852
+16
🇹🇷 Spanish · Türkiye
843
-16
weeeeeeei
10:37 Loom
12:22 Feudal Age
14:36 Double-Bit Axe
14:33 Horse Collar
17:14 Castle Age
15:39 Gold Mining
16:29 Padded Archer Armor
19:05 Leather Archer Armor
PUNISHER
4:46 Loom
11:32 Feudal Age
13:19 Double-Bit Axe
16:36 Castle Age
15:07 Town Watch
15:32 Stone Mining
17:57 Bow Saw
Connection lost

Rejoining the realm…

Still unreachable

The connection could not be restored.

Session expired

The server has moved on; the page needs a fresh start.